PAA
CHESAPEAKE CONTINENTALS @ CRESCENT CITY KREWE
07/19/2041
 
TOP OF THE 1ST
Chesapeake Continentals batting - Pitching for Crescent City Krewe : RHP Felipe Nieves
Pitching: RHP Felipe Nieves
Batting: LHB Justice Bigbie 0-0: Called Strike
0-1: Ball
1-1: Ball
2-1: Foul Ball, location: 2F
2-2: Ball
3-2: Foul Ball, location: 2F
3-2: Foul Ball, location: 2F
3-2: Ground out 6-3 (Groundball, 6, EV 80.0 MPH)
Batting: RHB Alfredo Valdéz 0-0: Ball
1-0: Fly out, F9 (Flyball, 9S, EV 77.5 MPH)
Batting: LHB Gustavo Zamora 0-0: Ground out 1-3 (Groundball, 13S, EV 68.8 MPH)
Top of the 1st over - 0 runs, 0 hits, 0 errors, 0 left on base; Chesapeake 0 - Crescent City 0
BOTTOM OF THE 1ST
Crescent City Krewe batting - Pitching for Chesapeake Continentals : RHP Nick Cole
Pitching: RHP Nick Cole
Batting: LHB José Soriano 0-0: Ball
1-0: Ball
2-0: Called Strike
2-1: Foul Ball, location: 2F
2-2: Ball
3-2: Fly out, F8 (Flyball, 8RD, EV 101.9 MPH)
Batting: RHB Jamy Geertsen 0-0: Ball
1-0: Called Strike
1-1: Ball
2-1: Ball
3-1: Called Strike
3-2: Foul Ball, location: 2F
3-2: Foul Ball, location: 2F
3-2: Foul Ball, location: 2F
3-2: Foul Ball, location: 2F
3-2: Fly out, F9 (Flyball, 89D, EV 103.1 MPH)
Batting: RHB Rod Sarkies 0-0: Called Strike
0-1: Ground out 4-3 (Groundball, 4M, EV 84.4 MPH)
Bottom of the 1st over - 0 runs, 0 hits, 0 errors, 0 left on base; Chesapeake 0 - Crescent City 0
TOP OF THE 2ND
Chesapeake Continentals batting - Pitching for Crescent City Krewe : RHP Felipe Nieves
Batting: LHB Kevin Hancock 0-0: Called Strike
0-1: Swinging Strike
0-2: Ball
1-2: Foul Ball, location: 2F
1-2: Ball
2-2: Ball
3-2: Base on Balls
Batting: LHB Jim Henson 0-0: Foul Ball, location: 2F
0-1: Ball
1-1: 2-RUN HOME RUN (Flyball, 89XD, EV 96.2 MPH), Distance : 413 ft
Batting: RHB Jaime Montés 0-0: Ball
1-0: Swinging Strike
1-1: Called Strike
1-2: Ball
2-2: Strikes out looking
Batting: LHB Albert Porter 0-0: Ball
1-0: SINGLE (Groundball, 34D, EV 100.6 MPH)
Batting: RHB Pedro Santos 0-0: Ball
1-0: Ball
2-0: Called Strike
2-1: Foul Ball, location: 2F
2-2: Ball
3-2: Base on Balls
Albert Porter to second
Batting: LHB Ryutaro Watanabe 0-0: SINGLE (Groundball, 6D, EV 103.1 MPH)
Albert Porter to third
Pedro Santos to second
Batting: LHB Justice Bigbie 0-0: Ball
1-0: Called Strike
1-1: Ball
2-1: Called Strike
2-2: Foul Ball, location: 2F
2-2: Fielders Choice at 2nd, 3-6 (Groundball, 34S, EV 87.5 MPH)
Albert Porter scores
Pedro Santos to third
Batting: RHB Alfredo Valdéz 0-0: DOUBLE (Line Drive, 9LM, EV 106.2 MPH)
Pedro Santos scores
Justice Bigbie to third
Batting: LHB Gustavo Zamora 0-0: Ball
1-0: Foul Ball, location: 2F
1-1: Ball
2-1: Ball
3-1: Base on Balls
Batting: LHB Kevin Hancock 0-0: Fly out, F8 (Line Drive, 8LD, EV 96.9 MPH)
Top of the 2nd over - 4 runs, 4 hits, 0 errors, 3 left on base; Chesapeake 4 - Crescent City 0
BOTTOM OF THE 2ND
Crescent City Krewe batting - Pitching for Chesapeake Continentals : RHP Nick Cole
Batting: LHB Dustin Damitz 0-0: Ball
1-0: Ball
2-0: Called Strike
2-1: SINGLE (Flyball, 89S, EV 93.1 MPH) - OUT at second base trying to stretch hit.
Batting: RHB Dusty Hunt 0-0: DOUBLE (Flyball, 8LXD, EV 94.4 MPH)
Batting: LHB Reggie Gommers 0-0: Ball
1-0: Called Strike
1-1: Ball
2-1: Foul Ball, location: 2F
2-2: Fly out, F9 (Line Drive, 9, EV 90.0 MPH)
Batting: RHB Vitorio Flores 0-0: Called Strike
0-1: Swinging Strike
0-2: Ball
1-2: Foul Ball, location: 2F
1-2: Foul Ball, location: 2F
1-2: Ball
2-2: Foul Ball, location: 2F
2-2: Foul Ball, location: 2F
2-2: Ball
3-2: Foul Ball, location: 2F
3-2: Fly out, F8 (Flyball, 8RD, EV 90.6 MPH)
Bottom of the 2nd over - 0 runs, 2 hits, 0 errors, 1 left on base; Chesapeake 4 - Crescent City 0
TOP OF THE 3RD
Chesapeake Continentals batting - Pitching for Crescent City Krewe : RHP Felipe Nieves
Batting: LHB Jim Henson 0-0: Ball
1-0: Ball
2-0: Ball
3-0: Called Strike
3-1: Called Strike
3-2: Ground out 5-3 (Groundball, 56S, EV 85.6 MPH)
Batting: RHB Jaime Montés 0-0: Ball
1-0: SINGLE (Line Drive, 8LS, EV 99.4 MPH)
Batting: LHB Albert Porter 0-0: SINGLE (Line Drive, 6MD, EV 94.4 MPH)
Jaime Montés to second
Runner from 2nd tries for 3rd, SAFE, no throw by CF
Batting: RHB Pedro Santos 0-0: Ball
1-0: Ball
2-0: Foul Ball, location: 2F
2-1: Foul Ball, location: 2F
2-2: Ball
3-2: Strikes out swinging
Batting: LHB Ryutaro Watanabe 0-0: Ball
1-0: Foul Ball, location: 2F
1-1: Fly out, F8 (Flyball, 8RM, EV 91.2 MPH)
Top of the 3rd over - 0 runs, 2 hits, 0 errors, 2 left on base; Chesapeake 4 - Crescent City 0
BOTTOM OF THE 3RD
Crescent City Krewe batting - Pitching for Chesapeake Continentals : RHP Nick Cole
Batting: RHB Albert Seals 0-0: Ground out 4-3 (Groundball, 4M, EV 83.1 MPH)
Batting: RHB Santiago Beldad 0-0: Called Strike
0-1: Ball
1-1: Ball
2-1: Fly out, F7 (Flyball, 7LMF, EV 82.5 MPH)
Batting: LHB José Soriano 0-0: Foul Ball, location: 2F
0-1: Ball
1-1: Ball
2-1: Ball
3-1: Foul Ball, location: 2F
3-2: Ground out 4-3 (Groundball, 4, EV 103.8 MPH)
Bottom of the 3rd over - 0 runs, 0 hits, 0 errors, 0 left on base; Chesapeake 4 - Crescent City 0
TOP OF THE 4TH
Chesapeake Continentals batting - Pitching for Crescent City Krewe : RHP Felipe Nieves
Batting: LHB Justice Bigbie 0-0: Ball
1-0: Called Strike
1-1: Ball
2-1: Foul Ball, location: 2F
2-2: Ball
3-2: Foul Ball, location: 2F
3-2: Foul Ball, location: 2F
3-2: Strikes out swinging
Batting: RHB Alfredo Valdéz 0-0: Ball
1-0: Ball
2-0: Called Strike
2-1: Foul Ball, location: 2F
2-2: Ball
3-2: Foul Ball, location: 2F
3-2: Strikes out swinging
Batting: LHB Gustavo Zamora 0-0: Called Strike
0-1: Ball
1-1: Ball
2-1: Ground out 2-3 (Groundball, 2L, EV 66.9 MPH)
Top of the 4th over - 0 runs, 0 hits, 0 errors, 0 left on base; Chesapeake 4 - Crescent City 0
BOTTOM OF THE 4TH
Crescent City Krewe batting - Pitching for Chesapeake Continentals : RHP Nick Cole
Batting: RHB Jamy Geertsen 0-0: Ground out 4-3 (Groundball, 34, EV 77.5 MPH)
Batting: RHB Rod Sarkies 0-0: Ball
1-0: Ball
2-0: Ball
3-0: Base on Balls
Batting: LHB Dustin Damitz 0-0: Foul Ball, location: 2F
0-1: Called Strike
0-2: Ball
1-2: Ball
2-2: Foul Ball, location: 2F
2-2: Fly out, F8 (Flyball, 8RS, EV 80.0 MPH)
Batting: RHB Dusty Hunt 0-0: Fly out, F7 (Flyball, 7LS, EV 94.4 MPH)
Bottom of the 4th over - 0 runs, 0 hits, 0 errors, 1 left on base; Chesapeake 4 - Crescent City 0
TOP OF THE 5TH
Chesapeake Continentals batting - Pitching for Crescent City Krewe : RHP Felipe Nieves
Batting: LHB Kevin Hancock 0-0: Called Strike
0-1: Ball
1-1: Swinging Strike
1-2: Strikes out swinging
Batting: LHB Jim Henson 0-0: Called Strike
0-1: Called Strike
0-2: SINGLE (Groundball, 4D, EV 110.0 MPH)
Batting: RHB Jaime Montés 0-0: Called Strike
0-1: Swinging Strike
0-2: Grounds into double play, 5-4-3 (Groundball, 56, EV 82.5 MPH)
Top of the 5th over - 0 runs, 1 hit, 0 errors, 0 left on base; Chesapeake 4 - Crescent City 0
BOTTOM OF THE 5TH
Crescent City Krewe batting - Pitching for Chesapeake Continentals : RHP Nick Cole
Batting: LHB Reggie Gommers 0-0: SINGLE (Groundball, 25, EV 72.5 MPH) (infield hit)
Batting: RHB Vitorio Flores 0-0: Called Strike
0-1: SINGLE (Flyball, 56D, EV 94.4 MPH)
Reggie Gommers to second
Batting: RHB Albert Seals 0-0: Ball
1-0: Ball
2-0: Called Strike
2-1: Foul Ball, location: 2F
2-2: Fielders Choice at 2nd, 3-6 (Groundball, 34, EV 85.0 MPH)
Reggie Gommers to third
Batting: RHB Santiago Beldad 0-0: Fly out, F9 (Flyball, 9, EV 85.0 MPH)
Runner from 3rd tags up, SCORES, no throw by RF
Batting: LHB José Soriano 0-0: Ball
1-0: Ground out 4-3 (Groundball, 4, EV 80.6 MPH)
Bottom of the 5th over - 1 run, 2 hits, 0 errors, 1 left on base; Chesapeake 4 - Crescent City 1
TOP OF THE 6TH
Chesapeake Continentals batting - Pitching for Crescent City Krewe : RHP Felipe Nieves
Pitching: RHP Wan-fu Quan
Batting: LHB Albert Porter 0-0: Ball
1-0: Foul Ball, location: 2F
1-1: Swinging Strike
1-2: Ball
2-2: Ground out 4-3 (Groundball, 4, EV 88.8 MPH)
Batting: RHB Pedro Santos 0-0: Called Strike
0-1: Fly out, F8 (Flyball, 8RXD, EV 100.0 MPH)
Batting: LHB Ryutaro Watanabe 0-0: Called Strike
0-1: Ball
1-1: Foul Ball, location: 2F
1-2: Ground out 4-3 (Groundball, 4, EV 83.1 MPH)
Top of the 6th over - 0 runs, 0 hits, 0 errors, 0 left on base; Chesapeake 4 - Crescent City 1
BOTTOM OF THE 6TH
Crescent City Krewe batting - Pitching for Chesapeake Continentals : RHP Nick Cole
Batting: RHB Jamy Geertsen 0-0: Called Strike
0-1: Called Strike
0-2: Strikes out swinging
Batting: RHB Rod Sarkies 0-0: Called Strike
0-1: Fly out, F9 (Flyball, 89XD, EV 101.2 MPH)
Batting: LHB Dustin Damitz 0-0: Ball
1-0: Ball
2-0: Ball
3-0: Called Strike
3-1: Base on Balls
Batting: RHB Dusty Hunt 0-0: Ball
Wild Pitch!
Dustin Damitz to second
1-0: Single, Error in OF, E8, batter to second base (Line Drive, 4D, EV 98.1 MPH)
Dustin Damitz scores
Batting: LHB Reggie Gommers 0-0: Fly out, F7 (Line Drive, 7D, EV 92.5 MPH)
Bottom of the 6th over - 1 run, 1 hit, 1 error, 1 left on base; Chesapeake 4 - Crescent City 2
TOP OF THE 7TH
Chesapeake Continentals batting - Pitching for Crescent City Krewe : RHP Wan-fu Quan
Batting: LHB Justice Bigbie 0-0: Ball
1-0: Foul Ball, location: 2F
1-1: Ball
2-1: Ball
3-1: Called Strike
3-2: Strikes out swinging
Batting: RHB Alfredo Valdéz 0-0: Ball
1-0: Ball
2-0: Called Strike
2-1: Swinging Strike
2-2: Ball
3-2: Base on Balls
Batting: LHB Gustavo Zamora 0-0: Ball
1-0: Ball
2-0: SINGLE (Groundball, 4MD, EV 98.1 MPH)
Alfredo Valdéz to second
Runner from 2nd tries for 3rd, SAFE, no throw by CF
Batting: LHB Kevin Hancock 0-0: Called Strike
0-1: Ball
1-1: Fly out, F8 (Line Drive, 8RM, EV 91.2 MPH)
Runner from 3rd tags up, SCORES, throw by CF
Batting: LHB Jim Henson 0-0: Foul Ball, location: 2F
0-1: Swinging Strike
0-2: Ball
1-2: Fielders Choice at 2nd, 6-4 (Groundball, 6, EV 79.4 MPH)
Top of the 7th over - 1 run, 1 hit, 0 errors, 1 left on base; Chesapeake 5 - Crescent City 2
BOTTOM OF THE 7TH
Crescent City Krewe batting - Pitching for Chesapeake Continentals : RHP Nick Cole
Batting: RHB Vitorio Flores 0-0: Foul Ball, location: 2F
0-1: Foul Ball, location: 2F
0-2: Foul Ball, location: 2F
0-2: Ball
1-2: Foul Ball, location: 2F
1-2: Strikes out looking
Batting: RHB Albert Seals 0-0: Ball
1-0: Called Strike
1-1: Ball
2-1: Called Strike
2-2: Fly out, F7 (Flyball, 7LSF, EV 91.2 MPH)
Batting: RHB Santiago Beldad 0-0: Foul Ball, location: 2F
0-1: Foul Ball, location: 2F
0-2: Ball
1-2: SINGLE (Line Drive, 8LS, EV 94.4 MPH)
Pitching: RHP Manuel Nieves
Batting: LHB José Soriano 0-0: Ball
1-0: Ball
2-0: Foul Ball, location: 2F
2-1: Called Strike
2-2: Ground out 4-3 (Groundball, 34, EV 82.5 MPH)
Bottom of the 7th over - 0 runs, 1 hit, 0 errors, 1 left on base; Chesapeake 5 - Crescent City 2
TOP OF THE 8TH
Chesapeake Continentals batting - Pitching for Crescent City Krewe : RHP Wan-fu Quan
Batting: RHB Jaime Montés 0-0: Foul Ball, location: 2F
0-1: Ground out 1-3 (Groundball, 23, EV 69.4 MPH)
Batting: LHB Albert Porter 0-0: Swinging Strike
0-1: Called Strike
0-2: Ground out U3 (Groundball, 3, EV 101.2 MPH)
Batting: RHB Pedro Santos 0-0: Foul Ball, location: 2F
0-1: Ball
1-1: Foul Ball, location: 2F
1-2: Foul Ball, location: 2F
1-2: Ball
2-2: Ground out 4-3 (Groundball, 34, EV 107.5 MPH)
Top of the 8th over - 0 runs, 0 hits, 0 errors, 0 left on base; Chesapeake 5 - Crescent City 2
BOTTOM OF THE 8TH
Crescent City Krewe batting - Pitching for Chesapeake Continentals : RHP Manuel Nieves
Batting: RHB Jamy Geertsen 0-0: Ball
1-0: Foul Ball, location: 2F
1-1: SINGLE (Groundball, 56D, EV 96.2 MPH)
Batting: RHB Rod Sarkies 0-0: Called Strike
0-1: Ball
1-1: Ball
2-1: Foul Ball, location: 2F
2-2: Ball
3-2: Fly out, F4 (Line Drive, 4, EV 61.9 MPH)
Batting: LHB Dustin Damitz 0-0: Called Strike
0-1: Ball
1-1: Ball
2-1: Fielders Choice at 2nd, 3-6 (Groundball, 3, EV 110.6 MPH)
Batting: RHB Dusty Hunt 0-0: Called Strike
0-1: Called Strike
0-2: Foul Ball, location: 2F
0-2: Ball
1-2: Ball
2-2: Foul Ball, location: 2F
2-2: Ball
Wild Pitch!
Dustin Damitz to second
3-2: Base on Balls
Batting: LHB Reggie Gommers 0-0: Called Strike
0-1: Ball
1-1: Ball
2-1: Foul Ball, location: 2F
2-2: SINGLE (Line Drive, 6D, EV 96.9 MPH)
Dustin Damitz to third
Dusty Hunt to second
Pitching: RHP Cakaraka Subramanya
Batting: RHB Vitorio Flores 0-0: Ball
1-0: Ball
2-0: Foul Ball, location: 2F
2-1: Foul Ball, location: 2F
2-2: Fly out, F8 (Flyball, 8LM, EV 91.9 MPH)
Bottom of the 8th over - 0 runs, 2 hits, 0 errors, 3 left on base; Chesapeake 5 - Crescent City 2
TOP OF THE 9TH
Chesapeake Continentals batting - Pitching for Crescent City Krewe : RHP Wan-fu Quan
Pitching: RHP Fernando Nava
Batting: LHB Ryutaro Watanabe 0-0: Ball
1-0: Called Strike
1-1: Ball
2-1: Foul Ball, location: 2F
2-2: Ball
3-2: Foul Ball, location: 2F
3-2: Ground out 4-3 (Groundball, 4, EV 86.9 MPH)
Batting: LHB Justice Bigbie 0-0: Ball
1-0: Called Strike
1-1: Fly out, F7 (Flyball, 7, EV 96.9 MPH)
Batting: RHB Alfredo Valdéz 0-0: Swinging Strike
0-1: Swinging Strike
0-2: Ball
1-2: Strikes out swinging
Top of the 9th over - 0 runs, 0 hits, 0 errors, 0 left on base; Chesapeake 5 - Crescent City 2
BOTTOM OF THE 9TH
Crescent City Krewe batting - Pitching for Chesapeake Continentals : RHP Cakaraka Subramanya
Batting: RHB Albert Seals 0-0: Swinging Strike
0-1: Called Strike
0-2: Ball
1-2: Foul Ball, location: 2F
1-2: Fly out, F7 (Flyball, 7S, EV 85.6 MPH)
Batting: RHB Santiago Beldad 0-0: Ball
1-0: Foul Ball, location: 2F
1-1: Ball
2-1: Foul Ball, location: 2F
2-2: Ball
3-2: Ground out 4-3 (Groundball, 4, EV 104.4 MPH)
Batting: LHB José Soriano 0-0: Ball
1-0: SINGLE (Line Drive, 78S, EV 93.8 MPH)
Batting: RHB Jamy Geertsen 0-0: Called Strike
0-1: SINGLE (Line Drive, 6D, EV 94.4 MPH)
José Soriano to second
Batting: RHB Rod Sarkies 0-0: Ground out 6-3 (Groundball, 6, EV 90.0 MPH)
Bottom of the 9th over - 0 runs, 2 hits, 0 errors, 2 left on base; Chesapeake 5 - Crescent City 2
Tuesday, January 5th, 2021 - OOTP Baseball 20.8 Build 74